 Dungeon Crawl Stone Soup version 0.17-a0-1481-gfdcec5c (webtiles) character file.

2154 mrath the Ducker (level 9, -2/74 HPs)
             Began as a Minotaur Gladiator on July 4, 2015.
             Was a High Priest of Makhleb.
             Slain by an orc warrior
             ... wielding a cursed -2 flail
              (6 damage)
             ... on level 7 of the Dungeon.
             The game lasted 01:52:20 (7173 turns).

mrath the Ducker (Minotaur Gladiator)               Turns: 7173, Time: 01:52:20

Health: -2/74      AC: 10    Str: 22    XL:     9   Next: 10%
Magic:  8/8        EV: 15    Int:  5    God:    Makhleb [*****.]
Gold:   378        SH:  0    Dex: 12    Spells: 3 memorised, 5 levels left

rFire  . . .     SeeInvis +     P - +4 quarterstaff
rCold  . . .     Clarity  .     Q - +2 robe {MR+}
rNeg   + . .     SustAt   .     (no shield)
rPois  .         Gourm    .     c - +0 hat
rElec  .         Spirit   .     (no cloak)
rCorr  .         Warding  +     (no gloves)
rMut   .         Stasis   .     (no boots)
MR     +....                    a - amulet of warding
Stlth  ++........               s - ring of see invisible
                                m - +6 ring of protection

@: about to teleport, somewhat resistant to hostile enchantments, unstealthy
A: retaliatory headbutt, horns 2
a: Minor Destruction, Lesser Servant of Makhleb, Major Destruction, Greater
Servant of Makhleb, Renounce Religion


You were on level 7 of the Dungeon.
You worshipped Makhleb.
Makhleb was extremely pleased with you.
You were not hungry.

You visited 1 branch of the dungeon, and saw 7 of its levels.

You collected 378 gold pieces.

Inventory:

Hand weapons
 r - a +0 blowgun
 t - a +0 flail of holy wrath
 u - a +0 blowgun
 y - a +0 short sword
 A - a +0 shortbow
 D - a +2 flail of pain
 P - a +4 quarterstaff (weapon)
 V - a +0 glaive
 X - a +1 whip of flaming
Missiles
 d - 3 throwing nets
 f - 221 stones (quivered)
 g - 72 arrows
 h - 63 poisoned needles
 i - 26 bolts
 k - 3 exploding sling bullets
 l - 17 sling bullets
 B - 3 javelins
Armour
 b - a +0 leather armour
 c - a +0 hat (worn)
 o - a +0 ring mail
 v - a +0 scale mail
 E - a +2 robe of cold resistance
 Q - a +2 robe of magic resistance (worn)
 U - a +0 plate armour
 Y - a +0 animal skin
 Z - a +2 robe of positive energy
Jewellery
 a - an amulet of warding (around neck)
 j - an uncursed ring of wizardry
 m - a +6 ring of protection (left hand)
 p - an uncursed ring of protection from magic {unknown}
 s - a ring of see invisible (right hand)
 H - a cursed ring of loudness {unknown}
 M - an uncursed amulet of resist mutation {unknown}
 N - an uncursed ring of stealth {unknown}
 T - an uncursed ring of protection from fire {unknown}
Magical devices
 n - a wand of digging (24)
Scrolls
 q - a scroll of magic mapping
 F - a scroll of recharging
 O - a scroll of blinking
Potions
 x - 4 potions of brilliance
 z - a potion of lignification
Books
 I - Kikubaaqudgha's Grimoire of Darkness
   (You found it on level 5 of the Dungeon)

   Spells                             Type                      Level
   a - Pain                           Necromancy                   1
 J - Vehumet's Tome of Combat Magic
   (You found it on level 5 of the Dungeon)

   Spells                             Type                      Level
   a - Magic Dart                     Conjuration                  1
 K - Sif Muna's Disquisition on Beguiling
   (You found it on level 5 of the Dungeon)

   Spells                             Type                      Level
   a - Corona                         Hexes                        1
Comestibles
 e - 7 bread rations
 C - 2 fruits
 W - 2 chunks of flesh


   Skills:
 + Level 5.0 Fighting
 + Level 5.3(5.7) Polearms
 + Level 2.8(4.4) Staves
 + Level 7.5 Throwing
 + Level 3.9 Armour
 * Level 7.7 Dodging
 + Level 2.0 Stealth
 + Level 0.1 Evocations


You had 5 spell levels left.
You knew the following spells:

 Your Spells              Type           Power        Failure   Level  Hunger
a - Corona                Hex            #......      56%         1    ##.....
b - Pain                  Necr           #...         56%         1    ##.....
c - Magic Dart            Conj           #...         56%         1    ##.....


Dungeon Overview and Level Annotations

Branches:
Dungeon (7/15)             Temple (0/1) D:4

Altars:
Dithmenos
Kikubaaqudgha
Makhleb
Nemelex Xobeh
Sif Muna
Vehumet
Zin

Annotations:
D:7 Prince Ribbit


Innate Abilities, Weirdness & Mutations

You reflexively headbutt those who attack you in melee.
You have a pair of horns on your head.


Message History

The orc warrior hits you with a flail.
Prince Ribbit blinks!
You hit the orc warrior.
The orc warrior is heavily wounded.
The orc warrior hits you with a flail!
You hit the orc warrior. Your headbutt misses the orc warrior.
The orc warrior is heavily wounded.
The orc warrior hits you with a flail!
* * * LOW HITPOINT WARNING * * *
Drink which item? (? for menu, Esc to quit)
Okay, then.
As you read the scroll of teleportation, it crumbles to dust.
You feel strangely unstable.
You closely miss the orc warrior.
The orc warrior is heavily wounded.
The orc warrior hits you with a flail!
* * * LOW HITPOINT WARNING * * *
You closely miss the orc warrior.
The orc warrior is heavily wounded.
The orc warrior hits you with a flail.
You die...

# ##############
.............# ############.#
#.....##.# ##.....##.#
#.........#
#.############################
#.# .....Fo@................
#.# .....(##################
#.# ...(( #......... #.# ...(
#.######## #.# ... #.# #####
#.# .. #.# #.... #.# # #.#
#.... ###.########### #.#
#.... #.............#### #.#
#....


You could see Prince Ribbit and an orc warrior.

Vanquished Creatures
  Pikel (D:7)
  A slave (D:7)
  Duvessa (D:4)
  6 ogres
  An orc warrior (D:7)
  Dowan (D:4)
  A scorpion (D:4)
  3 crimson imps
  A hound (D:4)
  A jelly (D:7)
  4 orc priests
  A giant frog skeleton (D:4)
  3 worker ants
  8 orc wizards
  4 gnolls (D:3)
  4 adders
  2 shadow imps
  An ooze (D:2)
  6 worms
  4 giant geckos
  23 orcs
  4 ball pythons
  2 bat skeletons
  4 giant cockroaches
  13 hobgoblins
  14 jackals
  15 kobolds
  6 quokkas
  13 bats
  8 giant newts
  12 goblins
  A jackal skeleton (D:6)
  A quokka zombie (D:7)
  14 rats
184 creatures vanquished.

Vanquished Creatures (others)
  A centaur (D:5)
  An adder (D:5)
  An orc (D:7)
  A giant cockroach (D:5)
  2 goblins (D:5)
  A hobgoblin (D:5)
7 creatures vanquished.

Grand Total: 191 creatures vanquished

Notes
Turn   | Place    | Note
--------------------------------------------------------------
     0 | D:1      | mrath the Minotaur Gladiator began the quest for the Orb.
     0 | D:1      | Reached XP level 1. HP: 18/18 MP: 0/0
   130 | D:1      | Reached skill level 4 in Polearms
   228 | D:1      | Reached XP level 2. HP: 25/25 MP: 1/1
   738 | D:1      | Gained mutation: You passively map a small area around you. [potion of mutation]
   738 | D:1      | Gained mutation: Your spells are a little harder to cast, but a little more powerful. [potion of mutation]
   738 | D:1      | Gained mutation: You expend magic power (3 MP) to strengthen your wands. [potion of mutation]
   898 | D:2      | Found a burning altar of Makhleb.
   901 | D:2      | Noticed a cacodemon
   903 | D:2      | Found a glowing silver altar of Zin.
   903 | D:2      | Noticed an angel
   915 | D:2      | Became a worshipper of Makhleb the Destroyer
  1025 | D:2      | Reached XP level 3. HP: 30/30 MP: 2/2
  1251 | D:2      | Found a sparkling altar of Nemelex Xobeh.
  1258 | D:2      | Found a shadowy altar of Dithmenos.
  1285 | D:2      | Acquired Makhleb's first power
  1982 | D:3      | Reached XP level 4. HP: 23/37 MP: 3/3
  2120 | D:3      | Acquired Makhleb's second power
  2285 | D:3      | Reached XP level 5. HP: 21/44 MP: 4/4
  2515 | D:3      | Reached skill level 1 in Armour
  3338 | D:4      | Found a staircase to the Ecumenical Temple.
  3396 | D:4      | Reached skill level 5 in Dodging
  3418 | D:4      | Acquired Makhleb's third power
  3418 | D:4      | Reached XP level 6. HP: 45/51 MP: 5/5
  3483 | D:4      | Lost mutation: You passively map a small area around you. [potion of cure mutation]
  3483 | D:4      | Lost mutation: Your spells are a little harder to cast, but a little more powerful. [potion of cure mutation]
  3483 | D:4      | Lost mutation: You expend magic power (3 MP) to strengthen your wands. [potion of cure mutation]
  3521 | D:4      | Noticed Duvessa
  3522 | D:4      | Noticed Dowan
  3548 | D:4      | Killed Duvessa
  3569 | D:4      | Killed Dowan
  3857 | D:4      | Reached XP level 7. HP: 57/57 MP: 6/6
  4072 | D:4      | Noticed an ogre
  4081 | D:4      | Killed an ogre
  4081 | D:4      | Reached skill level 5 in Throwing
  4170 | D:5      | Entered Level 5 of the Dungeon
  4295 | D:5      | Reached skill level 5 in Polearms
  4659 | D:5      | Found a radiant altar of Vehumet.
  4661 | D:5      | Found an ancient bone altar of Kikubaaqudgha.
  4661 | D:5      | Found a deep blue altar of Sif Muna.
  4665 | D:5      | Acquired Makhleb's fourth power
  4675 | D:5      | Identified Kikubaaqudgha's Grimoire of Darkness
  4687 | D:5      | Identified Vehumet's Tome of Combat Magic
  4695 | D:5      | Identified Sif Muna's Disquisition on Beguiling
  4698 | D:5      | Learned a level 1 spell: Corona
  4700 | D:5      | Learned a level 1 spell: Pain
  4702 | D:5      | Learned a level 1 spell: Magic Dart
  5282 | D:5      | Reached skill level 6 in Throwing
  5282 | D:5      | Reached skill level 1 in Stealth
  5282 | D:5      | Reached XP level 8. HP: 42/66 MP: 7/7
  5872 | D:6      | Acquired Makhleb's fifth power
  5872 | D:6      | Reached skill level 1 in Staves
  6504 | D:7      | Reached skill level 7 in Throwing
  6704 | D:7      | Noticed Pikel
  6728 | D:7      | Killed Pikel
  6728 | D:7      | Reached XP level 9. HP: 63/73 MP: 8/8
  6907 | D:7      | Noticed Prince Ribbit
  7163 | D:7      | Reached skill level 5 in Fighting
  7173 | D:7      | Slain by an orc warrior

Vault maps used:
D:1:      dpeg_arrival_signposts, minmay_cut_off
D:2:      grunt_temple_overflow_order_and_chaos_2,
          amethyst_overflow_temple_binary, first_bread
D:3:      kennysheep_cross_room
D:4:      minmay_temple_entry_overgrown, uniq_duvessa
D:5:      grunt_temple_overflow_magic_moments, hangedman_decor_opposing,
          lemuel_flamethrower_2
D:7:      uniq_pikel, uniq_prince_ribbit1

Action                   |  1- 3 |  4- 6 |  7- 9 || total
-------------------------+-------+-------+-------++-------
Melee: Trident           |    88 |   133 |    49 ||   270
       Quarterstaff      |       |       |    96 ||    96
 Fire: Blowgun           |       |     8 |    61 ||    69
Throw: Stone             |   134 |   135 |   133 ||   402
Evoke: Wand              |       |     1 |       ||     1
  Use: Scroll            |     7 |     7 |     6 ||    20
       Potion            |     2 |     5 |     4 ||    11
 Stab: Distracted        |       |       |     2 ||     2
       Sleeping          |       |       |     1 ||     1
  Eat: Chunk             |     3 |     2 |    10 ||    15
       Bread ration      |       |     1 |       ||     1
       Fruit             |       |       |     1 ||     1
